 Dungeon Crawl Stone Soup version 0.27.1 (webtiles) character file.

Game seed: 5055925774320650260

410 KingZimy the Cudgeller (level 6, -2/59 (61) HPs)
             Began as a Troll Fighter on Aug 26, 2021.
             Was a Follower of Dithmenos.
             Slain by a wraith (6 damage)
             ... on level 5 of the Dungeon.
             The game lasted 00:12:13 (1592 turns).

KingZimy the Cudgeller (Troll Fighter)              Turns: 1592, Time: 00:12:14

HP:   -2/59 (61)    AC:  5    Str: 27    XL:     6   Next: 58%
MP:   5/5           EV:  8    Int:  4    God:    Dithmenos [*.....]
Gold: 54            SH:  9    Dex:  9    Spells: 5/5 levels left

rFire    . . .     SeeInvis .   a - +0 flail
rCold    . . .     Faith    .   c - +0 kite shield
rNeg     . . .     Spirit   .   b - +0 robe
rPois    .         Reflect  .   (helmet restricted)
rElec    .         Harm     .   l - +0 cloak
rCorr    .         Rampage  .   (gloves unavailable)
Will     .....                  (boots unavailable)
Stlth    +.........             (no amulet)
HPRegen  1.19/turn              g - ring of flight
MPRegen  0.09/turn              (no ring)

@: flying, slowed, wreathed by umbra, lightly drained, very slow
A: large, unfitting armour, claws 3, regeneration 1, shaggy fur 1, tough skin 1
a: Renounce Religion


You were on level 5 of the Dungeon.
You worshipped Dithmenos.
Dithmenos was aware of your devotion.
You visited 1 branch of the dungeon, and saw 6 of its levels.

You collected 54 gold pieces.

Inventory:

Hand Weapons
 a - a +0 flail (weapon)
 e - a +0 hand axe
 j - a +0 trident
Missiles
 h - 8 boomerangs (quivered)
Armour
 b - a +0 robe (worn)
 c - a +0 kite shield (worn)
 l - a +0 cloak (worn)
Jewellery
 g - a ring of flight (left claw)
Scrolls
 f - a scroll of fog {unknown}
 n - a scroll of fear {unknown}
 p - 2 scrolls of teleportation {unknown}
 q - a scroll of blinking {unknown}
 r - a scroll of immolation {unknown}
 s - a scroll of holy word {unknown}
Potions
 d - a potion of might
 i - a potion of curing {unknown}
 k - 3 potions of ambrosia {unknown}
 m - 2 potions of haste {unknown}
 o - a potion of magic {unknown}


   Skills:
 + Level 3.4 Fighting
 + Level 3.9 Maces & Flails
 + Level 3.7 Dodging
 + Level 0.3 Stealth
 + Level 3.4 Shields


You had 5 spell levels left.
You didn't know any spells.
Your spell library was empty.

Dungeon Overview and Level Annotations

Branches:
Dungeon (6/15)
 Temple: D:4-7

Altars:
Dithmenos
Uskayaw

Annotations:
D:6 Eustachio


Innate Abilities, Weirdness & Mutations

You are too large for most types of armour.
You have claws for hands.
Your natural rate of healing is unusually fast.
You are covered in fur. (AC +1)
You have tough skin. (AC +1)


Message History

You feel as though you will be slow longer.
You block the wraith's attack. The wraith hits you.
The wraith drains your vigour!
You feel as though you will be slow longer.
You block the wraith's attack.
A centaur comes into view.
The centaur shouts!
The centaur wields a +0 shortbow.
The centaur shoots an arrow.
The arrow barely misses you.
The centaur shoots an arrow.
You block the arrow.
The centaur shoots an arrow.
The arrow hits you!
The centaur shoots an arrow.
The arrow barely misses you. You block the wraith's attack.
The centaur shoots an arrow.
The arrow closely misses you.
The arrow hits the wraith!
The centaur shoots an arrow.
The arrow barely misses you.
The arrow closely misses the wraith.
The centaur shoots an arrow.
The arrow hits you. You block the wraith's attack.
The centaur unwields a +0 shortbow.
You block the centaur's attack.
The centaur kicks you but does no damage.
The centaur hits you but does no damage.
You block the centaur's attack.
You are too injured to fight recklessly!
You are too injured to fight recklessly!
You are too injured to fight recklessly!
You are too injured to fight recklessly!
You are too injured to fight recklessly!
You are too injured to fight recklessly!
The centaur hits you but does no damage.
You block the centaur's attack. The centaur barely misses you.
The centaur kicks you. The wraith hits you!
* * * LOW HITPOINT WARNING * * *
The wraith drains your vigour!
You feel as though you will be slow longer.
You block the centaur's attack. The centaur completely misses you.
The centaur wields a +0 shortbow.
The centaur shoots an arrow.
The arrow hits you!
* * * LOW HITPOINT WARNING * * *
The centaur shoots an arrow.
You block the arrow.
The centaur shoots an arrow.
The arrow closely misses you. The wraith hits you.
You die...

#...........).............
.............†.............
##......###############....
#.........# #.......
#.#######'#########....#.#
..........................#
#. ........c.#######.......
........W.# ####...#
.......@..# #.#.#
..........# #.#..
..........# .#..
..........# . ##.....####
#..... . #..... ######


You could see a wraith and a centaur.

Vanquished Creatures
  A sky beast (D:5)
  A necrophage (D:5)
  A scorpion (D:5)
  A bullfrog skeleton (D:5)
  A centaur skeleton (D:5)
  An iguana (D:5)
  A scorpion zombie (D:5)
  3 gnolls
  4 adders
  A white imp (D:5)
  An ufetubus (D:4)
  A dart slug (D:4)
  An orc (D:4)
  2 bats
  2 endoplasms
  A giant cockroach (D:4)
  A goblin (D:1)
  3 hobgoblins
  2 quokkas
  2 ball pythons
  2 frilled lizards
  A kobold (D:2)
  A quokka skeleton (D:4)
  7 rats
42 creatures vanquished.

Vanquished Creatures (others)
  A fungus (D:3)
  8 plants (D:4)
9 creatures vanquished.

Grand Total: 51 creatures vanquished

Notes
Turn   | Place    | Note
-------+----------+-------------------------------------------
     0 | D:1      | KingZimy the Troll Fighter began the quest for the Orb.
     0 | D:1      | Reached XP level 1. HP: 22/22 MP: 0/0
   301 | D:2      | Reached XP level 2. HP: 29/29 MP: 1/1
   490 | D:2      | Reached XP level 3. HP: 36/36 MP: 2/2
   597 | D:3      | Found a hide-covered altar of Uskayaw.
   654 | D:3      | Became a worshipper of Uskayaw the Reveller
   687 | D:3      | Found a shadowy altar of Dithmenos.
   693 | D:3      | Fell from the grace of Uskayaw
   693 | D:3      | Became a worshipper of Dithmenos the Shadowed
   842 | D:3      | You are sucked into a shaft and drop 2 floors!
   842 | D:5      | Entered Level 5 of the Dungeon
   873 | D:5      | Noticed a scorpion
   896 | D:5      | Killed a scorpion
   897 | D:5      | Reached XP level 4. HP: 34/44 MP: 3/3
   943 | D:5      | Noticed a sky beast
  1028 | D:4      | Reached XP level 5. HP: 24/53 MP: 4/4
  1393 | D:5      | Killed a sky beast
  1394 | D:5      | Reached XP level 6. HP: 40/61 MP: 5/5
  1475 | D:6      | Noticed Eustachio
  1475 | D:6      | Noticed a wraith
  1526 | D:5      | Reached * piety under Dithmenos
  1591 | D:5      | HP: 2/59 [centaur/arrow (12)]
  1592 | D:5      | Slain by a wraith

Illustrated notes

Levels and vault maps discovered:
D:1:      evilmike_arrival_crescent, layout_basic, serial_bayou,
          serial_bayou_pond_e, serial_bayou_pond_c, serial_bayou_pond_a,
          serial_bayou_shore_b, minmay_tetromino_o4
D:2:      minmay_spotlight, layout_basic, ebering_ecumenical_altar_hall
D:3:      layout_rooms, nicolae_uskayaw_dance_hall,
          grunt_dithmenos_smoke_and_mirrors, mainiacjoe_overflow_boulevard,
          roderic_roman_lattice
D:4:      layout_gridville, old_standard_altar, serial_bayou,
          serial_bayou_shore_a, serial_bayou_crossing, serial_bayou_pond_d,
          serial_bayou_pond_d, mrwooster_statue_mirror, uniq_ijyb
D:5:      layout_basic
D:6:      minmay_inner_zag, layout_basic, serial_shops, shop_coins,
          uniq_eustachio

Skill      XL: |  1  2  3  4  5 |
---------------+----------------+-----
Maces & Flails | 2 3 |  3.9
Dodging        | 3 |  3.7
Fighting       | 3 |  3.4
Shields        | 3 |  3.4
Stealth        | |  0.3

Action                   |  1- 3 |  4- 6 || total
-------------------------+-------+-------++-------
Melee: Flail             |    94 |   122 ||   216
 Stab: Sleeping          |     3 |       ||     3
Armor: Robe              |    24 |   122 ||   146
Dodge: Dodged            |    37 |   151 ||   188
Block: Kite shield       |    47 |   172 ||   219
